 Dungeon Crawl Stone Soup version 0.29-a0-319-gad05b8d819 (webtiles) character file.

Game seed: 11849827715487330351

479 jmlagarto the Skirmisher (level 6, -2/57 HPs)
             Began as a Minotaur Chaos Knight on Apr 1, 2022.
             Was a Plaything of Xom.
             Slain by a gnoll
             ... wielding a +0 spear
              (4 damage)
             ... on level 4 of the Dungeon.
             The game lasted 00:07:21 (3927 turns).

jmlagarto the Skirmisher (Minotaur Chaos Knight)    Turns: 3927, Time: 00:07:22

Health: -2/57      AC:  7    Str: 18    XL:     6   Next: 86%
Magic:  0/5        EV: 12    Int:  9    God:    Xom [*.....]
Gold:   156        SH:  0    Dex: 15    Spells: 5/5 levels left

rFire   . . .      SeeInvis .   t - +6 hunting sling of the Revolution {freeze, Dex+5}
rCold   . . .      Faith    .   (no shield)
rNeg    . . .      Spirit   +   x - +0 ring mail
rPois   .          Reflect  .   (helmet restricted)
rElec   .          Harm     .   (no cloak)
rCorr   .          Rampage  .   q - +0 pair of gloves
Will    .....                   (no boots)
Stlth   +.........              k - amulet of guardian spirit
HPRegen 0.19/turn               (no ring)
MPRegen 0.09/turn               (no ring)

@: brilliant, hasted, slow
A: horns 2, retaliatory headbutt
a: Renounce Religion


You were on level 4 of the Dungeon.
You worshipped Xom.
You were a special plaything of Xom.
You visited 1 branch of the dungeon, and saw 4 of its levels.

You collected 156 gold pieces.

Inventory:

Hand Weapons
 a - a +0 hand axe of chaos
 t - the +6 hunting sling of the Revolution (weapon) {freeze, Dex+5}
   (You found it on level 3 of the Dungeon)

   Any ammunition fired from it freezes those it strikes, dealing additional
   cold damage.
   It can also slow down cold-blooded creatures.
   Dex:       It affects your dexterity (+5).
Missiles
 p - 2 throwing nets
Armour
 b - a +2 leather armour
 q - a +0 pair of gloves (worn)
 x - a +0 ring mail (worn)
Jewellery
 k - an amulet of guardian spirit (around neck)
 l - the ring of Mowypao {*Corrode rElec rN+ MP+9}
   (You found it on level 2 of the Dungeon)

   [ring of magical power]

   rElec:     It insulates you from electricity.
   rN:        It protects you from negative energy.
   MP:        It affects your magic capacity (+9).
   *Corrode:  It may corrode you when you take damage.
 n - the ring "Ciunawuo" {rPois rF++ AC+4 Dex-5 SInv}
   (You found it on level 2 of the Dungeon)

   [ring of protection]

   AC:        It affects your AC (+4).
   Dex:       It affects your dexterity (-5).
   rF:        It greatly protects you from fire.
   rPois:     It protects you from poison.
   SInv:      It lets you see invisible.
Wands
 w - a wand of acid (7)
Scrolls
 d - 2 scrolls of amnesia
 e - 2 scrolls of identify
 h - a scroll of enchant weapon {unknown}
 i - a scroll of teleportation {unknown}
 o - a scroll of magic mapping {unknown}
 u - a scroll of immolation {unknown}
 y - a scroll of fear {unknown}
Potions
 f - a potion of haste
 j - 2 potions of curing
 m - a potion of mutation {unknown}
 r - a potion of brilliance
 s - a potion of degeneration {unknown}
 v - a potion of lignification {unknown}
Miscellaneous
 c - a piece from Xom's chessboard (15/15)


   Skills:
 + Level 5.7 Fighting
 - Level 4.7 Axes
 + Level 2.4 Slings
 + Level 4.9 Armour
 + Level 3.8 Dodging


You had 5 spell levels left.
You didn't know any spells.
Your spell library contained the following spells:

 Spells                   Type           Power      Damage    Failure   Level
 Animate Skeleton         Necr           0%         N/A       56%         1
 Pain                     Necr           0%         1d4       56%         1
 Summon Small Mammal      Summ           0%         N/A       56%         1
 Corpse Rot               Necr/Air       0%         N/A       71%         2
 Ensorcelled Hibernation  Hex/Ice        0%         N/A       71%         2
 Passwall                 Tmut/Erth      0%         N/A       71%         2
 Poisonous Vapours        Pois/Air       0%         N/A       71%         2
 Call Canine Familiar     Summ           0%         N/A       90%         3
 Summon Guardian Golem    Hex/Summ       0%         N/A       90%         3
 Swiftness                Air            0%         N/A       90%         3
 Vampiric Draining        Necr           0%         2d6       90%         3


Dungeon Overview and Level Annotations

Branches:
Dungeon (4/15)
 Temple: D:4-7

Altars:
Gozag


Innate Abilities, Weirdness & Mutations

You have a pair of horns on your head.
You reflexively headbutt those who attack you in melee.


Message History

* * * LOW HITPOINT WARNING * * *
Your goblin barely misses the gnoll shaman. "This is how I like it!"
You swap places with the ogre.
Splash!
You fall into the shallow water.
Moving in this stuff is going to be slow.
Some monsters swap places.
The ogre looks rather confused.
Your goblin looks rather confused.
Your endoplasm looks rather confused.
The ogre chortles and stares into space.
The ogre closely misses you. You furiously retaliate!
You headbutt the ogre!
Your goblin falls into the water!
Your goblin drowns.
The orc hits you but does no damage.
It was a potion of curing.
You feel better.
Xom is highly amused!
The gnoll hits you from afar with a +0 spear.
* * * LOW HITPOINT WARNING * * *
The orc hits you with a +0 flail.
* * * LOW HITPOINT WARNING * * *
The orc barely misses you.
The ogre wonders, "What am I doing in here?"
The ogre closely misses the orc.
You are too injured to fight recklessly!
It was a potion of haste.
You feel yourself speed up.
Xom roars with laughter!
The gnoll misses you. The gnoll hits you with a +0 club.
* * * LOW HITPOINT WARNING * * *
The orc hits you but does no damage. x2
A gnoll comes into view. It is wielding a +0 club.
The gnoll splashes around in the water.
It was a potion of brilliance.
You feel clever all of a sudden. The gnoll hits you but does no damage.
Your endoplasm hits the gnoll but does no damage.
The ogre barely misses you.
The ogre barely misses itself.
The orc hits you but does no damage.
The gnoll hits you from afar with a +0 spear.
You die...
Xom chortles!

####......######
...........# ...........#
...........# .........g.##
............##
.............##############
...............ooO.........
≈≈≈≈≈≈≈≈≈≈....≈§@≈g≈≈≈≈≈≈≈≈
≈≈≈≈≈≈≈≈≈≈....Jg≈≈≈≈≈≈≈≈≈≈≈
≈≈≈≈≈≈≈≈≈≈....≈≈g≈≈≈≈≈≈≈≈≈#
.........................#
########''''#############
#....#.......#
.o.#....#.J.....#
....'....))g....[#
################)#


You could see an ogre (confused), a gnoll shaman, 3 gnolls, 2 orcs and a
friendly endoplasm (summoned, confused).

Vanquished Creatures
  A black bear (D:4)
  A howler monkey (D:4)
  An orc priest (D:4)
  3 iguanas (D:4)
  6 gnolls
  8 adders
  5 worms
  A dart slug (D:1)
  12 orcs (D:4)
  4 ball pythons
  8 bats
  3 endoplasms
  2 giant cockroaches
  5 hobgoblins
  6 jackals
  8 kobolds
  5 quokkas
  2 frilled lizards (D:1)
  12 goblins
  3 rats
96 creatures vanquished.

Vanquished Creatures (others)
  A ball python (D:3)
1 creature vanquished.

Grand Total: 97 creatures vanquished

Notes
Turn   | Place    | Note
-------+----------+-------------------------------------------
     0 | D:1      | jmlagarto the Minotaur Chaos Knight began the quest for the
                  | Orb.
     0 | D:1      | Reached XP level 1. HP: 19/19 MP: 0/0
    13 | D:1      | XOM: silly message
   140 | D:1      | XOM: silly message
   142 | D:1      | Reached XP level 2. HP: 27/27 MP: 1/1
   233 | D:1      | XOM: divination: detect items
   269 | D:1      | Reached skill level 4 in Fighting
   313 | D:1      | Found a faded altar of an unknown god.
   394 | D:1      | Reached XP level 3. HP: 25/33 MP: 2/2
   903 | D:1      | XOM: silly message
  1113 | D:1      | XOM: silly message
  1227 | D:2      | XOM: divination: detect items
  1345 | D:2      | XOM: silly message
  1460 | D:2      | Reached XP level 4. HP: 26/41 MP: 3/3
  1541 | D:2      | XOM: silly message
  1858 | D:2      | Identified the ring of Mowypao {*Corrode rElec rN+ MP+9}
  2146 | D:2      | Found an opulent altar of Gozag.
  2346 | D:2      | Identified the ring "Ciunawuo" {rPois rF++ AC+4 Dex-5 SInv}
  2561 | D:3      | Reached XP level 5. HP: 47/47 MP: 4/4
  2885 | D:3      | Identified the +6 hunting sling of the Revolution {freeze,
                  | Dex+5}
  3174 | D:4      | Reached skill level 5 in Fighting
  3264 | D:4      | Reached skill level 1 in Slings
  3338 | D:4      | XOM: potion effect (might)
  3533 | D:4      | Noticed an ice beast
  3538 | D:4      | Noticed a black bear
  3538 | D:4      | an ice beast changed into a black bear
  3538 | D:4      | XOM: polymorph ice beast -> black bear
  3540 | D:4      | Killed a black bear
  3541 | D:4      | Reached XP level 6. HP: 50/56 MP: 5/5
  3900 | D:4      | XOM: god gift: +0 scale mail of poison resistance
  3920 | D:4      | XOM: smoke on damage
  3922 | D:4      | HP: 2/57 [ogre/+0 giant club (8)]
  3924 | D:4      | XOM: swap monsters
  3927 | D:4      | Slain by a gnoll

Illustrated notes

Levels and vault maps discovered:
D:1:      giann_horns, layout_loops_ring, ebering_ecumenical_altar_ruins,
          minivault_24, hex_medium
D:2:      layout_basic, basic_altar
D:3:      layout_loops_ring, minmay_goblin_outpost
D:4:      lemuel_castle_with_subvaults [lemuel_castle_interior_carwin_3],
          layout_gridville

Skill      XL: |  1  2  3  4  5  6 |
---------------+-------------------+-----
Fighting       | 4 5 |  5.7
Axes           | 4 |  4.7
Armour         | 3 4 |  4.9
Dodging        | 2 3 |  3.8
Slings         | 1 2 |  2.4

Action                   |  1- 3 |  4- 6 || total
-------------------------+-------+-------++-------
Melee: Hand axe          |    72 |    43 ||   115
       Headbutt          |    13 |     7 ||    20
       Punch             |       |     1 ||     1
 Fire: Hunting sling     |       |   105 ||   105
Evoke: Piece from Xom's  |     6 |     3 ||     9
  Use: Potion            |       |     3 ||     3
       Scroll            |       |     2 ||     2
 Stab: Paralysed         |     2 |       ||     2
Armor: Leather armour    |    22 |    31 ||    53
       Ring mail         |       |    11 ||    11
Dodge: Dodged            |    37 |    85 ||   122

Table legend: (Time is in decaauts)
 A = Elapsed time spent in this place.
 B = Non-inter-level travel time spent in this place.
 C = Inter-level travel time spent in this place.
 D = Time resting spent in this place.
 E = Time spent auto-exploring this place.
 F = Levels seen in this place.
 G = Mean time per level.
                   A        B        C        D        E       F      G
               +--------+--------+--------+--------+--------+-----+--------+
         Total |   3987 |   3889 |     98 |    462 |   2802 |   4 |  996.8 |
       Dungeon |   3987 |   3889 |     98 |    462 |   2802 |   4 |  996.8 |
               +--------+--------+--------+--------+--------+-----+--------+

Top non-repeatable levels by time:
     D:2: 1275 daAuts
     D:1: 1112 daAuts
     D:4: 877 daAuts
     D:3: 721 daAuts
